 Dungeon Crawl Stone Soup version 0.20-a0-709-gd40821f (webtiles) character file.

61 Gorglomux the Skirmisher (level 4, 0/50 HPs)
             Began as an Ogre Hunter on Feb 22, 2017.
             Succumbed to an adder's poison
             ... on level 2 of the Dungeon.
             The game lasted 00:03:39 (1067 turns).

Gorglomux the Skirmisher (Ogre Hunter)              Turns: 1067, Time: 00:03:40

Health: 0/50       AC:  0    Str: 19 (21) XL:     4   Next: 7%
Magic:  4/4        EV: 15    Int: 11 (12) God:
Gold:   44         SH:  0    Dex: 13 (15) Spells: 3/3 levels left

rFire    . . .     SeeInvis .   P - +2 dagger (speed)
rCold    . . .     Gourm    .   b - +0 robe
rNeg     . . .     Faith    .   (no shield)
rPois    .         Spirit   .   (helmet restricted)
rElec    .         Reflect  .   (no cloak)
rCorr    .         Harm     .   (gloves unavailable)
MR       .....                  (boots unavailable)
Stlth    ++........             (no amulet)
Regen    0.2/turn               (no ring)
MPRegen  0.1/turn               O - -3 ring of protection (curse)

@: mighty, agile, lethally poisoned (0 -> -5), very slightly contaminated,
hasted, very quick
A: unfitting armour, tough skin 1
a: no special abilities


You were on level 2 of the Dungeon.
You were not hungry.

You visited 1 branch of the dungeon, and saw 2 of its levels.

You collected 44 gold pieces.

Inventory:

Hand Weapons
 a - a +0 short sword
 P - a +2 dagger of speed (weapon)
Missiles
 c - 5 large rocks
 X - 14 stones (quivered)
 Z - a throwing net
Armour
 b - a +0 robe (worn)
Jewellery
 O - a cursed -3 ring of protection (left hand)
Scrolls
 M - a scroll of remove curse {unknown}
 Q - a scroll of teleportation {unknown}
 S - a scroll of enchant weapon {unknown}
 Y - a scroll of identify {unknown}
Comestibles
 f - a bread ration
 T - 10 chunks of flesh
 W - a meat ration


   Skills:
 + Level 5.6 Fighting
 - Level 4.0 Throwing
 - Level 1.7 Dodging
 - Level 0.6 Stealth


You had 3 spell levels left.
You didn't know any spells.

Dungeon Overview and Level Annotations

Branches:
Dungeon (2/15)

Altars:


Innate Abilities, Weirdness & Mutations

You are too large for most types of armour.
You have tough skin. (AC +1)


Message History

You feel sick.
* * * LOW HITPOINT WARNING * * *
You feel sick.
* * * LOW HITPOINT WARNING * * *
You feel sick.
Things that are here:
a stone; a throwing net
* * * LOW HITPOINT WARNING * * *
You feel sick.
* * * LOW HITPOINT WARNING * * *
You feel sick.
* * * LOW HITPOINT WARNING * * *
You feel sick.
* * * LOW HITPOINT WARNING * * *
You feel sick.
Found 26 stones and 11 gold pieces.
Found 23 sling bullets and 13 stones.
Unknown command.
Unknown command.
You die...

#................##
(..#..............
###..#####..........
..... ....#####.###
#(.# ##..# #.... #
#..####..### #####
##.##..........#######
#............#.(......
#....@#####.##########
#$..### #.# #.. #.# #.
#.# .. #.# ## ..#


There were no monsters in sight!

Vanquished Creatures
  Terence (D:2)
  An adder (D:2)
  2 dart slugs (D:1)
  A giant cockroach (D:2)
  6 goblins (D:1)
  2 hobgoblins (D:1)
  2 ball pythons (D:1)
  A bat (D:1)
  2 frilled lizards
  A kobold (D:1)
  7 rats (D:1)
26 creatures vanquished.

Notes
Turn   | Place    | Note
-------+----------+-------------------------------------------
     0 | D:1      | Gorglomux the Ogre Hunter began the quest for the Orb.
     0 | D:1      | Reached XP level 1. HP: 22/22 MP: 1/1
    33 | D:1      | Reached skill level 3 in Fighting
   251 | D:1      | HP: 1/23 [hobgoblin (4)]
   253 | D:1      | Reached XP level 2. HP: 2/32 MP: 2/2
   707 | D:1      | Reached skill level 4 in Fighting
   923 | D:1      | Reached XP level 3. HP: 40/40 MP: 3/3
   986 | D:2      | Noticed Terence
   989 | D:2      | Killed Terence
   989 | D:2      | Reached skill level 5 in Fighting
  1047 | D:2      | Reached XP level 4. HP: 11/50 MP: 4/4
  1060 | D:2      | HP: 2/50 [poisoned by an adder]
  1067 | D:2      | Succumbed to an adder's poison

Vault maps used:
D:1:      scummos_arrival_checkerplants
D:2:      elyvilon_altar_5, grunt_gozag_breadcrumbs, uniq_terence

Skill      XL: |  1  2  3 |
---------------+----------+-----
Fighting       | 3 4 5 |  5.6
Throwing       | |  4.0
Dodging        | |  1.7
Stealth        | |  0.6

Action                   |  1- 3 |  4- 6 || total
-------------------------+-------+-------++-------
Melee: Short sword       |    30 |       ||    30
       Dagger            |    33 |       ||    33
Throw: Stone             |    39 |       ||    39
       Large rock        |     3 |       ||     3
       Throwing net      |     1 |       ||     1
  Use: Potion            |     1 |     3 ||     4
 Stab: Sleeping          |     1 |       ||     1
Armor: Robe              |    13 |       ||    13
Dodge: Dodged            |    21 |       ||    21
